MONTREAL vs CAROLINA

Created - March-05-21 at 19:27

Goals
1 2 3 T
MONTREAL 0 1 1 2
CAROLINA 3 1 0 4
Shots
1 2 3 T
MONTREAL 9 12 9 30
CAROLINA 13 12 15 40

1st period

1. CAROLINA , Dominik Kubalik 5 (Duncan Keith 13, Alexander Radulov 20) at 1:40
2. CAROLINA , Alexander Radulov 11 (Nicklas Backstrom 19, Dominik Kubalik 8) at 10:48
3. CAROLINA , Adam Henrique 10 (Matt Benning 7, Sergei Bobrovsky) at 19:01

Penalties :
Tony DeAngelo (MON) for Tripping (Minor) at 2:23, Nathan Beaulieu (MON) for Holding (Minor) at 14:14

2nd period

4. CAROLINA , Kyle Clifford 1 (Sam Lafferty 4, Matt Benning 8) at 12:19
5. MONTREAL , Roope Hintz 5 (Vincent Trocheck 7, Joel Armia 7) at 17:15

Penalties :
Erik Gustafsson (MON) for Hooking (Minor) at 5:59, Nino Niederreiter (MON) for Elbowing (Minor) at 14:02

3rd period

6. MONTREAL , Max Pacioretty 12 (Keith Yandle 12, Nathan MacKinnon 18) at 3:28

Penalties :
Nathan Beaulieu (MON) for Holding (Minor) at 6:16, Connor Murphy (MON) for Roughing (Minor) at 9:53, Phillip Danault (MON) for High sticking (Minor) at 12:44

Goalie Stats

Robin Lehner (MON), 36 saves from 40 shots - (0.900), L, 15-14-2, 60:00 minutes
Sergei Bobrovsky (CAR), 28 saves from 30 shots - (0.933), W, 19-11-2, 60:00 minutes

Players Stats for MONTREAL

Player Name              G  A  P  +/- PIM S  H  SB GA TA FO     MP     PP MP  PK MP  
------------------------------------------------------------------------------------
Alex Iafallo             0  0  0  -2  0   2  0  0  0  0  0/1    16:47   0:00   0:00 
Brock McGinn             0  0  0   0  0   2  0  0  0  0  1/1    11:09   0:00   7:47 
Connor Murphy            0  0  0   2  2   1  3  4  0  0  0/0    21:31   0:00   6:28 
Erik Gustafsson          0  0  0  -2  2   0  1  0  0  0  0/0    19:19   0:00   5:47 
Joel Armia               0  1  1   1  0   2  1  0  0  0  1/2    16:20   0:00   4:24 
Keith Yandle             0  1  1   2  0   0  1  3  0  0  0/0    18:53   0:00   3:49 
Mark Jankowski           0  0  0   0  0   1  0  0  0  0  5/8     5:44   0:00   2:22 
Max Pacioretty           1  0  1  -2  0   3  1  0  0  0  0/0    18:29   0:00   1:42 
Nathan Beaulieu          0  0  0  -2  4   0  2  1  0  0  0/0    18:16   0:00   4:45 
Nathan MacKinnon         0  1  1  -2  0   2  0  0  0  0  7/19   17:21   0:00   0:34 
Nino Niederreiter        0  0  0  -1  2   1  1  0  0  0  1/1    14:01   0:00   0:00 
P.K. Subban              0  0  0  -2  0   0  3  1  0  0  0/0    24:11   0:00   6:41 
Phillip Danault          0  0  0  -1  2   4  2  0  0  0  22/33  20:34   0:00   6:33 
Roope Hintz              1  0  1   1  0   2  0  0  0  0  0/3    11:56   0:00   0:00 
Tomas Tatar              0  0  0  -1  0   5  0  0  0  0  1/1    14:02   0:00   0:00 
Tony DeAngelo            0  0  0  -2  2   1  2  2  0  0  0/0    17:45   0:00   0:16 
Vincent Trocheck         0  1  1   1  0   4  2  0  0  0  9/23   16:20   0:00   4:24 
Wayne Simmonds           0  0  0   0  0   0  1  0  0  0  0/0     3:22   0:00   0:00 

Players Stats for CAROLINA

Player Name              G  A  P  +/- PIM S  H  SB GA TA FO     MP     PP MP  PK MP  
------------------------------------------------------------------------------------
Adam Henrique            1  0  1   2  0   6  1  0  0  0  1/1    13:11   0:00   0:00 
Alexander Radulov        1  1  2   1  0   7  2  0  0  0  2/7    21:49   8:05   0:00 
Brent Burns              0  0  0  -1  0   2  0  4  0  0  0/0    25:59   6:15   0:00 
Claude Giroux            0  0  0  -1  0   1  2  0  0  0  1/5    24:38   5:48   0:00 
Cooper Marody            0  0  0   0  0   0  0  0  0  0  1/1     0:22   0:00   0:00 
Deryk Engelland          0  0  0   1  0   2  3  1  0  0  0/0    21:41   7:38   0:00 
Dominik Kubalik          1  1  2   1  0   3  1  0  0  0  1/2    21:49   8:05   0:00 
Duncan Keith             0  1  1   1  0   1  3  0  0  0  0/0    21:41   7:38   0:00 
Joel L'Esperance         0  0  0   0  0   0  0  0  0  0  0/0     2:46   0:00   0:00 
Kyle Clifford            1  0  1   2  0   2  2  0  0  0  0/1    13:11   0:00   0:00 
Matt Benning             0  2  2   2  0   0  1  0  0  0  0/0    12:20   0:00   0:00 
Matt Martin              0  0  0   0  0   1  0  0  0  0  0/0     2:46   0:00   0:00 
Nicklas Backstrom        0  1  1   1  0   4  1  0  0  0  13/26  21:49   8:05   0:00 
Patrice Bergeron         0  0  0  -1  0   5  2  1  0  0  18/31  22:14   5:48   0:00 
Sam Lafferty             0  1  1   2  0   1  0  0  0  0  8/16   13:11   0:00   0:00 
Sebastian Aho            0  0  0   2  0   1  0  0  0  0  0/0    12:20   0:00   0:00 
Shea Weber               0  0  0  -1  0   1  3  1  0  0  0/0    25:59   6:15   0:00 
Vladimir Tarasenko       0  0  0  -1  0   3  0  0  0  0  0/2    22:14   5:48   0:00 

3 Stars

1 - Alexander Radulov (CAR)
2 - Dominik Kubalik (CAR)
3 - Kyle Clifford (CAR)

Power Play

MONTREAL - 0 on 0 Attempt(s) - 0.00%
CAROLINA - 0 on 7 Attempt(s) - 0.00%

Penalty Kill

MONTREAL - 7 on 7 Attempt(s) - 100.00% - Score 0 goal in Penalty Kill
CAROLINA - 0 on 0 Attempt(s) - 0.00% - Score 0 goal in Penalty Kill

Team Stat

MONTREAL - Hits : 20 - Faceoff Wins : 47 - Blocked Shots : 11 - Penalty Minutes : 14
CAROLINA - Hits : 21 - Faceoff Wins : 45 - Blocked Shots : 7 - Penalty Minutes : 0

Official

Referees : Graham Skilliter and Dan O'Halloran
Linesman : Shaun Morgan and Brent Colby

Game Notes

No Game Note

Finance

Level 1 -- Attendance: 4539 (75.65%) -- Ticket Income $453,900
Level 2 -- Attendance: 3673 (73.46%) -- Ticket Income $220,380
Level 3 -- Attendance: 1818 (90.90%) -- Ticket Income $63,630
Level 4 -- Attendance: 3526 (88.15%) -- Ticket Income $70,520
Luxury Box -- Attendance: 763 (76.30%) -- Ticket Income $152,600
Game was played at the PNC Center.
Total Attendance: 14319 (79.55%)
Total Ticket Income: $961,030
Total Income: $961,030

MONTREAL

5 vs 5 Forward 
   Center                   Left Wing                Right Wing               Time % Phy DF OF 
 1 Nathan MacKinnon         Max Pacioretty           Alex Iafallo             35     0   1  4  
 2 Phillip Danault          Tomas Tatar              Nino Niederreiter        30     0   2  3  
 3 Vincent Trocheck         Roope Hintz              Joel Armia               25     1   2  2  
 4 Mark Jankowski           Brock McGinn             Wayne Simmonds           10     1   3  1  

5 vs 5 Defense 
   Defense                  Defense                                           Time % Phy DF OF 
 1 P.K. Subban              Tony DeAngelo                                     37     0   2  3  
 2 Keith Yandle             Connor Murphy                                     32     0   2  3  
 3 Erik Gustafsson          Nathan Beaulieu                                   25     1   2  2  
 4 P.K. Subban              Tony DeAngelo                                     6      0   3  2  

PowerPlay Forward 
   Center                   Left Wing                Right Wing               Time % Phy DF OF 
 1 Nathan MacKinnon         Max Pacioretty           Tomas Tatar              60     0   1  4  
 2 Phillip Danault          Roope Hintz              Vincent Trocheck         40     0   1  4  

PowerPlay Defense
   Defense                  Defense                                           Time % Phy DF OF 
 1 Keith Yandle             Tony DeAngelo                                     60     0   2  3  
 2 P.K. Subban              Erik Gustafsson                                   40     0   2  3  

Penalty Kill 4 Players Forward 
   Center                   Wing                     Time % Phy DF OF 
 1 Phillip Danault          Brock McGinn             60     0   4  1  
 2 Vincent Trocheck         Joel Armia               40     0   4  1  

Penalty Kill 4 Players Defense
   Defense                  Defense                  Time % Phy DF OF 
 1 Connor Murphy            P.K. Subban              60     1   3  1  
 2 Erik Gustafsson          Nathan Beaulieu          40     1   3  1  

Penalty Kill - 3 Players Forward 
   Forward                                           Time % Phy DF OF 
 1 Phillip Danault                                   60     0   5  0  
 2 Vincent Trocheck                                  40     0   5  0  

Penalty Kill - 3 Players Defense
   Defense                  Defense                  Time % Phy DF OF 
 1 Connor Murphy            P.K. Subban              60     1   4  0  
 2 Erik Gustafsson          Nathan Beaulieu          40     1   4  0  

4 vs 4 Forward 
   Center                   Wing                     Time % Phy DF OF 
 1 Nathan MacKinnon         Max Pacioretty           60     0   1  4  
 2 Vincent Trocheck         Tomas Tatar              40     0   2  3  

4 vs 4 Defense
   Defense                  Defense                  Time % Phy DF OF 
 1 Tony DeAngelo            P.K. Subban              60     0   2  3  
 2 Erik Gustafsson          Connor Murphy            40     1   2  2  

Last Minutes Offensive
   Center                   Left Wing                Right Wing               Defense                  Defense                  
   Nathan MacKinnon         Tomas Tatar              Max Pacioretty           Tony DeAngelo            P.K. Subban              

Last Minutes Defensive
   Center                   Left Wing                Right Wing               Defense                  Defense                  
   Phillip Danault          Brock McGinn             Vincent Trocheck         P.K. Subban              Connor Murphy            

Goaltenders
Starting : Robin Lehner             
Backup : Thomas Greiss            

Extra Forwards
Normal : Nathan MacKinnon, Max Pacioretty, Roope Hintz - PP : Alex Iafallo, Roope Hintz - PK : Brock McGinn
Extra Defensemen
Normal : Tony DeAngelo, P.K. Subban, Keith Yandle - PP : Tony DeAngelo - PK : Connor Murphy, P.K. Subban
Penalty Shots
Nathan MacKinnon, Max Pacioretty, Tomas Tatar, Roope Hintz, Vincent Trocheck

Scratches
MTL Cap Hit (Suspend)

CAROLINA

5 vs 5 Forward 
   Center                   Left Wing                Right Wing               Time % Phy DF OF 
 1 Patrice Bergeron         Claude Giroux            Vladimir Tarasenko       35     1   2  2  
 2 Nicklas Backstrom        Dominik Kubalik          Alexander Radulov        30     1   2  2  
 3 Sam Lafferty             Kyle Clifford            Adam Henrique            25     1   2  2  
 4 Claude Giroux            Matt Martin              Joel L'Esperance         10     1   2  2  

5 vs 5 Defense 
   Defense                  Defense                                           Time % Phy DF OF 
 1 Brent Burns              Shea Weber                                        35     1   2  2  
 2 Duncan Keith             Deryk Engelland                                   30     1   2  2  
 3 Matt Benning             Sebastian Aho                                     25     1   2  2  
 4 Brent Burns              Shea Weber                                        10     1   2  2  

PowerPlay Forward 
   Center                   Left Wing                Right Wing               Time % Phy DF OF 
 1 Patrice Bergeron         Claude Giroux            Vladimir Tarasenko       60     1   2  2  
 2 Nicklas Backstrom        Dominik Kubalik          Alexander Radulov        40     1   2  2  

PowerPlay Defense
   Defense                  Defense                                           Time % Phy DF OF 
 1 Brent Burns              Shea Weber                                        60     1   2  2  
 2 Duncan Keith             Deryk Engelland                                   40     1   2  2  

Penalty Kill 4 Players Forward 
   Center                   Wing                     Time % Phy DF OF 
 1 Claude Giroux            Patrice Bergeron         60     1   2  2  
 2 Nicklas Backstrom        Vladimir Tarasenko       40     1   2  2  

Penalty Kill 4 Players Defense
   Defense                  Defense                  Time % Phy DF OF 
 1 Brent Burns              Shea Weber               60     1   2  2  
 2 Duncan Keith             Deryk Engelland          40     1   2  2  

Penalty Kill - 3 Players Forward 
   Forward                                           Time % Phy DF OF 
 1 Claude Giroux                                     60     1   2  2  
 2 Patrice Bergeron                                  40     1   2  2  

Penalty Kill - 3 Players Defense
   Defense                  Defense                  Time % Phy DF OF 
 1 Brent Burns              Shea Weber               60     1   2  2  
 2 Duncan Keith             Deryk Engelland          40     1   2  2  

4 vs 4 Forward 
   Center                   Wing                     Time % Phy DF OF 
 1 Claude Giroux            Patrice Bergeron         60     1   2  2  
 2 Nicklas Backstrom        Vladimir Tarasenko       40     1   2  2  

4 vs 4 Defense
   Defense                  Defense                  Time % Phy DF OF 
 1 Brent Burns              Shea Weber               60     1   2  2  
 2 Duncan Keith             Deryk Engelland          40     1   2  2  

Last Minutes Offensive
   Center                   Left Wing                Right Wing               Defense                  Defense                  
   Patrice Bergeron         Claude Giroux            Vladimir Tarasenko       Brent Burns              Shea Weber               

Last Minutes Defensive
   Center                   Left Wing                Right Wing               Defense                  Defense                  
   Patrice Bergeron         Claude Giroux            Vladimir Tarasenko       Brent Burns              Shea Weber               

Goaltenders
Starting : Sergei Bobrovsky         
Backup : Samuel Montembeault      

Extra Forwards
Normal : Cooper Marody, Adam Henrique, Kyle Clifford - PP : Cooper Marody, Adam Henrique - PK : Kyle Clifford
Extra Defensemen
Normal : Matt Benning, Sebastian Aho, Duncan Keith - PP : Matt Benning - PK : Sebastian Aho, Duncan Keith
Penalty Shots
Claude Giroux, Patrice Bergeron, Nicklas Backstrom, Vladimir Tarasenko, Alexander Radulov

Scratches
CAR Cap Hit (Healthy)

% Time on Ice - MONTREAL

Lines # - Real PCT - Wanted PCT - Time Play
Normal Forward
1 - 36% - 35% - 16:47
2 - 30% - 30% - 14:02
3 - 26% - 25% - 11:56
4 - 7% - 10% - 3:22
Normal Defense
1 - 38% - 37% - 17:30
2 - 33% - 32% - 15:04
3 - 29% - 25% - 13:33
4 - 0% - 6% - 0:00
PP Forward
1 - 0% - 60%
2 - 0% - 40%
PP Defense
1 - 0% - 60%
2 - 0% - 40%
PK Forward
1 - 68% - 60% - 9:29
2 - 32% - 40% - 4:24
PK Defense
1 - 39% - 60% - 5:28
2 - 61% - 40% - 8:25
PK3 Forward
1 - 0% - 60%
2 - 0% - 40%
PK3 Defense
1 - 0% - 60%
2 - 0% - 40%
44 Forward
1 - 0% - 60%
2 - 0% - 40%
44 Defense
1 - 0% - 60%
2 - 0% - 40%
Last Minute Offensive  - 0:00
Last Minute Defensive  - 0:00
Total
Forward - 60:00
Defense - 60:00

% Time on Ice - CAROLINA

Lines # - Real PCT - Wanted PCT - Time Play
Normal Forward
1 - 36% - 35% - 16:26
2 - 30% - 30% - 13:44
3 - 29% - 25% - 13:11
4 - 6% - 10% - 2:46
Normal Defense
1 - 38% - 35% - 17:22
2 - 30% - 30% - 14:03
3 - 27% - 25% - 12:20
4 - 5% - 10% - 2:22
PP Forward
1 - 42% - 60% - 5:48
2 - 58% - 40% - 8:05
PP Defense
1 - 45% - 60% - 6:15
2 - 55% - 40% - 7:38
PK Forward
1 - 0% - 60%
2 - 0% - 40%
PK Defense
1 - 0% - 60%
2 - 0% - 40%
PK3 Forward
1 - 0% - 60%
2 - 0% - 40%
PK3 Defense
1 - 0% - 60%
2 - 0% - 40%
44 Forward
1 - 0% - 60%
2 - 0% - 40%
44 Defense
1 - 0% - 60%
2 - 0% - 40%
Last Minute Offensive  - 0:00
Last Minute Defensive  - 0:00
Total
Forward - 60:00
Defense - 60:00

Play-by-Play

1st period


0:01 of 1st period - Nathan MacKinnon wins face-off versus Patrice Bergeron in neutral zone.
0:04 of 1st period - Shot by Max Pacioretty.
0:04 of 1st period - Stopped by Sergei Bobrovsky without a rebound.
0:05 of 1st period - Phillip Danault wins face-off versus Alexander Radulov in CAROLINA zone.
0:32 of 1st period - Shot by Phillip Danault.
0:32 of 1st period - Stopped by Sergei Bobrovsky without a rebound.
0:33 of 1st period - Vincent Trocheck wins face-off versus Sam Lafferty in CAROLINA zone.
0:58 of 1st period - Shot by Adam Henrique.
0:58 of 1st period - Deflect By Kyle Clifford.
0:58 of 1st period - Shot Misses the Net.
1:10 of 1st period - Erik Gustafsson is hit by Kyle Clifford and loses puck.
1:30 of 1st period - Off-side.
1:31 of 1st period - Nicklas Backstrom wins face-off versus Nathan MacKinnon in neutral zone.
1:34 of 1st period - Shot by Alexander Radulov.
1:34 of 1st period - Stopped by Robin Lehner with a rebound.
1:40 of 1st period - Shot by Dominik Kubalik.
1:40 of 1st period - Goal by Dominik Kubalik - MONTREAL : 0 - CAROLINA : 1.
1:41 of 1st period - Mark Jankowski wins face-off versus Patrice Bergeron in neutral zone.
1:46 of 1st period - Shea Weber is hit by Wayne Simmonds and loses puck.
2:00 of 1st period - Shot by Vladimir Tarasenko.
2:00 of 1st period - Shot Misses the Net.
2:22 of 1st period - Shot by Claude Giroux.
2:22 of 1st period - Shot Blocked by Tony DeAngelo.
2:23 of 1st period - Minor Penalty to Tony DeAngelo for Tripping.
2:24 of 1st period - Phillip Danault wins face-off versus Nicklas Backstrom in MONTREAL zone.
2:24 of 1st period - Phillip Danault is hit by Dominik Kubalik.
4:27 of 1st period - Shot by Nathan MacKinnon.
4:27 of 1st period - Stopped by Sergei Bobrovsky without a rebound.
4:28 of 1st period - Nathan MacKinnon wins face-off versus Sam Lafferty in CAROLINA zone.
4:32 of 1st period - Icing by Matt Benning.
4:33 of 1st period - Sam Lafferty wins face-off versus Nathan MacKinnon in CAROLINA zone.
4:48 of 1st period - Shot by Adam Henrique.
4:48 of 1st period - Stopped by Robin Lehner without a rebound.
4:49 of 1st period - Phillip Danault wins face-off versus Vladimir Tarasenko in MONTREAL zone.
5:08 of 1st period - Shot by Phillip Danault.
5:08 of 1st period - Shot Misses the Net.
5:10 of 1st period - Shot by Phillip Danault.
5:10 of 1st period - Stopped by Sergei Bobrovsky without a rebound.
5:11 of 1st period - Nathan MacKinnon wins face-off versus Sam Lafferty in CAROLINA zone.
5:46 of 1st period - Shot by Adam Henrique.
5:46 of 1st period - Stopped by Robin Lehner with a rebound.
6:03 of 1st period - Shot by Alexander Radulov.
6:03 of 1st period - Stopped by Robin Lehner without a rebound.
6:04 of 1st period - Phillip Danault wins face-off versus Claude Giroux in MONTREAL zone.
6:11 of 1st period - Shot by Phillip Danault.
6:11 of 1st period - Shot Misses the Net.
6:13 of 1st period - Shot by Phillip Danault.
6:13 of 1st period - Shot Blocked by Patrice Bergeron.
6:15 of 1st period - Shot by Phillip Danault.
6:15 of 1st period - Shot Misses the Net.
6:17 of 1st period - Shot by Phillip Danault.
6:17 of 1st period - Shot Blocked by Brent Burns.
6:23 of 1st period - Shot by Tomas Tatar.
6:23 of 1st period - Stopped by Sergei Bobrovsky with a rebound.
6:43 of 1st period - Shot by Tomas Tatar.
6:43 of 1st period - Stopped by Sergei Bobrovsky without a rebound.
6:44 of 1st period - Vincent Trocheck wins face-off versus Nicklas Backstrom in CAROLINA zone.
6:47 of 1st period - Shot by Vincent Trocheck.
6:47 of 1st period - Deflect By Joel Armia.
6:47 of 1st period - Stopped by Sergei Bobrovsky without a rebound.
6:48 of 1st period - Dominik Kubalik wins face-off versus Vincent Trocheck in CAROLINA zone.
7:29 of 1st period - Roope Hintz is hit by Duncan Keith and loses puck.
7:52 of 1st period - Shot by Claude Giroux.
7:52 of 1st period - Shot Misses the Net.
7:54 of 1st period - Shot by Brent Burns.
7:54 of 1st period - Shot Blocked by Keith Yandle.
8:06 of 1st period - Shot by Claude Giroux.
8:06 of 1st period - Stopped by Robin Lehner without a rebound.
8:07 of 1st period - Nino Niederreiter wins face-off versus Kyle Clifford in MONTREAL zone.
8:12 of 1st period - Matt Benning is hit by Phillip Danault and loses puck.
8:17 of 1st period - Shot by Phillip Danault.
8:17 of 1st period - Shot Misses the Net.
8:19 of 1st period - Shot by Nathan Beaulieu.
8:19 of 1st period - Shot Misses the Net.
8:39 of 1st period - Adam Henrique is hit by Phillip Danault and loses puck.
9:01 of 1st period - Icing by Wayne Simmonds.
9:02 of 1st period - Patrice Bergeron wins face-off versus Mark Jankowski in MONTREAL zone.
10:14 of 1st period - Shot by Tony DeAngelo.
10:14 of 1st period - Shot Misses the Net.
10:30 of 1st period - Shot by Alex Iafallo.
10:30 of 1st period - Stopped by Sergei Bobrovsky without a rebound.
10:31 of 1st period - Phillip Danault wins face-off versus Nicklas Backstrom in CAROLINA zone.
10:46 of 1st period - Shot by Dominik Kubalik.
10:46 of 1st period - Shot Misses the Net.
10:48 of 1st period - Shot by Nicklas Backstrom.
10:48 of 1st period - Deflect By Alexander Radulov.
10:48 of 1st period - Goal by Alexander Radulov - MONTREAL : 0 - CAROLINA : 2.
10:49 of 1st period - Sam Lafferty wins face-off versus Vincent Trocheck in neutral zone.
11:49 of 1st period - Shot by Alexander Radulov.
11:49 of 1st period - Stopped by Robin Lehner without a rebound.
11:50 of 1st period - Claude Giroux wins face-off versus Nathan MacKinnon in MONTREAL zone.
11:50 of 1st period - Claude Giroux is hit by P.K. Subban.
11:59 of 1st period - Matt Martin is hit by P.K. Subban and loses puck.
12:33 of 1st period - Shot by Dominik Kubalik.
12:33 of 1st period - Shot Misses the Net.
12:42 of 1st period - Nicklas Backstrom is hit by Tony DeAngelo.
13:07 of 1st period - Shot by Connor Murphy.
13:07 of 1st period - Shot Misses the Net.
13:20 of 1st period - Icing by Connor Murphy.
13:21 of 1st period - Adam Henrique wins face-off versus Phillip Danault in MONTREAL zone.
13:32 of 1st period - Adam Henrique is hit by Nino Niederreiter and loses puck.
13:43 of 1st period - Shot by Adam Henrique.
13:43 of 1st period - Shot Misses the Net.
13:45 of 1st period - Shot by Adam Henrique.
13:45 of 1st period - Stopped by Robin Lehner without a rebound.
13:46 of 1st period - Patrice Bergeron wins face-off versus Roope Hintz in MONTREAL zone.
13:53 of 1st period - Shot by Patrice Bergeron.
13:53 of 1st period - Stopped by Robin Lehner without a rebound.
13:54 of 1st period - Patrice Bergeron wins face-off versus Roope Hintz in MONTREAL zone.
14:05 of 1st period - Shot by Duncan Keith.
14:05 of 1st period - Shot Misses the Net.
14:14 of 1st period - Minor Penalty to Nathan Beaulieu for Holding.
14:15 of 1st period - Phillip Danault wins face-off versus Nicklas Backstrom in MONTREAL zone.
14:28 of 1st period - Shot by Shea Weber.
14:28 of 1st period - Shot Blocked by Connor Murphy.
14:30 of 1st period - Shot by Shea Weber.
14:30 of 1st period - Shot Misses the Net.
15:25 of 1st period - Shot by Claude Giroux.
15:25 of 1st period - Shot Misses the Net.
15:27 of 1st period - Shot by Duncan Keith.
15:27 of 1st period - Shot Blocked by P.K. Subban.
15:29 of 1st period - Shot by Deryk Engelland.
15:29 of 1st period - Deflect By Patrice Bergeron.
15:29 of 1st period - Shot Misses the Net.
16:30 of 1st period - Shot by Adam Henrique.
16:30 of 1st period - Shot Misses the Net.
16:47 of 1st period - Shot by Sam Lafferty.
16:47 of 1st period - Shot Misses the Net.
16:49 of 1st period - Shot by Adam Henrique.
16:49 of 1st period - Stopped by Robin Lehner without a rebound.
16:50 of 1st period - Vincent Trocheck wins face-off versus Claude Giroux in MONTREAL zone.
18:26 of 1st period - Icing by Connor Murphy.
18:27 of 1st period - Phillip Danault wins face-off versus Sam Lafferty in MONTREAL zone.
18:29 of 1st period - Icing by Connor Murphy.
18:30 of 1st period - Sam Lafferty wins face-off versus Phillip Danault in MONTREAL zone.
18:39 of 1st period - Shot by Adam Henrique.
18:39 of 1st period - Shot Blocked by Connor Murphy.
19:01 of 1st period - Shot by Adam Henrique.
19:01 of 1st period - The goal is going for a video replay.
19:01 of 1st period - The goal is good.
19:01 of 1st period - Goal by Adam Henrique - MONTREAL : 0 - CAROLINA : 3.
19:02 of 1st period - Patrice Bergeron wins face-off versus Vincent Trocheck in neutral zone.
19:21 of 1st period - Shot by Vincent Trocheck.
19:21 of 1st period - Stopped by Sergei Bobrovsky without a rebound.
19:22 of 1st period - Nicklas Backstrom wins face-off versus Nathan MacKinnon in CAROLINA zone.
19:45 of 1st period - Shot by Alexander Radulov.
19:45 of 1st period - Shot Misses the Net.
19:47 of 1st period - Shot by Deryk Engelland.
19:47 of 1st period - Deflect By Nicklas Backstrom.
19:47 of 1st period - Shot Misses the Net.
19:49 of 1st period - Shot by Deryk Engelland.
19:49 of 1st period - Stopped by Robin Lehner without a rebound.
19:50 of 1st period - Patrice Bergeron wins face-off versus Vincent Trocheck in MONTREAL zone.
Goals for this period are 0 for MONTREAL vs 3 for CAROLINA.
Shots for this period are 9 for MONTREAL vs 13 for CAROLINA.

2nd period


0:01 of 2nd period - Patrice Bergeron wins face-off versus Alex Iafallo in neutral zone.
0:27 of 2nd period - Shot by Nathan MacKinnon.
0:27 of 2nd period - Shot Misses the Net.
0:29 of 2nd period - Shot by Max Pacioretty.
0:29 of 2nd period - Shot Hit the Post.
0:31 of 2nd period - Shot by Tony DeAngelo.
0:31 of 2nd period - Shot Blocked by Brent Burns.
0:33 of 2nd period - Shot by Max Pacioretty.
0:33 of 2nd period - Stopped by Sergei Bobrovsky without a rebound.
0:34 of 2nd period - Phillip Danault wins face-off versus Nicklas Backstrom in CAROLINA zone.
0:54 of 2nd period - Shot by Dominik Kubalik.
0:54 of 2nd period - Shot Misses the Net.
0:56 of 2nd period - Shot by Deryk Engelland.
0:56 of 2nd period - Shot Blocked by Connor Murphy.
1:29 of 2nd period - Icing by Keith Yandle.
1:30 of 2nd period - Phillip Danault wins face-off versus Patrice Bergeron in MONTREAL zone.
1:46 of 2nd period - Vladimir Tarasenko is hit by Tony DeAngelo and loses puck.
2:02 of 2nd period - Shot by Patrice Bergeron.
2:02 of 2nd period - Shot Blocked by Tony DeAngelo.
2:38 of 2nd period - Shot by Kyle Clifford.
2:38 of 2nd period - Stopped by Robin Lehner without a rebound.
2:39 of 2nd period - Mark Jankowski wins face-off versus Alexander Radulov in MONTREAL zone.
3:10 of 2nd period - Icing by Deryk Engelland.
3:11 of 2nd period - Vincent Trocheck wins face-off versus Nicklas Backstrom in CAROLINA zone.
3:24 of 2nd period - Shot by Vincent Trocheck.
3:24 of 2nd period - Stopped by Sergei Bobrovsky with a rebound.
3:26 of 2nd period - Shot by Roope Hintz.
3:26 of 2nd period - Shot Misses the Net.
3:28 of 2nd period - Shot by Roope Hintz.
3:28 of 2nd period - Shot Misses the Net.
3:30 of 2nd period - Shot by Connor Murphy.
3:30 of 2nd period - Stopped by Sergei Bobrovsky without a rebound.
3:31 of 2nd period - Patrice Bergeron wins face-off versus Nathan MacKinnon in CAROLINA zone.
3:45 of 2nd period - Brent Burns is hit by Max Pacioretty and loses puck.
3:56 of 2nd period - Shot by Vladimir Tarasenko.
3:56 of 2nd period - Shot Misses the Net.
3:58 of 2nd period - Shot by Vladimir Tarasenko.
3:58 of 2nd period - Stopped by Robin Lehner without a rebound.
3:59 of 2nd period - Sam Lafferty wins face-off versus Phillip Danault in MONTREAL zone.
4:09 of 2nd period - Shot by Tomas Tatar.
4:09 of 2nd period - Shot Misses the Net.
4:11 of 2nd period - Shot by Phillip Danault.
4:11 of 2nd period - Shot Misses the Net.
4:55 of 2nd period - Shot by Vladimir Tarasenko.
4:55 of 2nd period - Shot Blocked by Connor Murphy.
4:57 of 2nd period - Shot by Patrice Bergeron.
4:57 of 2nd period - Shot Misses the Net.
5:47 of 2nd period - Shot by Nicklas Backstrom.
5:47 of 2nd period - Stopped by Robin Lehner without a rebound.
5:48 of 2nd period - Nicklas Backstrom wins face-off versus Vincent Trocheck in MONTREAL zone.
5:59 of 2nd period - Shot by Dominik Kubalik.
5:59 of 2nd period - Stopped by Robin Lehner without a rebound.
5:59 of 2nd period - Minor Penalty to Erik Gustafsson for Hooking.
6:00 of 2nd period - Phillip Danault wins face-off versus Nicklas Backstrom in MONTREAL zone.
6:00 of 2nd period - Phillip Danault is hit by Alexander Radulov.
6:26 of 2nd period - Shot by Duncan Keith.
6:26 of 2nd period - Shot Misses the Net.
6:28 of 2nd period - Shot by Duncan Keith.
6:28 of 2nd period - Stopped by Robin Lehner with a rebound.
7:11 of 2nd period - Patrice Bergeron is hit by Connor Murphy and loses puck.
7:34 of 2nd period - Off-side.
7:35 of 2nd period - Nicklas Backstrom wins face-off versus Mark Jankowski in neutral zone.
8:23 of 2nd period - Shot by Nathan MacKinnon.
8:23 of 2nd period - Shot Misses the Net.
8:25 of 2nd period - Shot by P.K. Subban.
8:25 of 2nd period - Shot Misses the Net.
8:27 of 2nd period - Shot by Max Pacioretty.
8:27 of 2nd period - Shot Misses the Net.
8:46 of 2nd period - Icing by Sebastian Aho.
8:47 of 2nd period - Sam Lafferty wins face-off versus Vincent Trocheck in CAROLINA zone.
9:11 of 2nd period - Shea Weber is hit by Joel Armia and loses puck.
9:20 of 2nd period - Shot by Vincent Trocheck.
9:20 of 2nd period - Shot Blocked by Shea Weber.
9:22 of 2nd period - Shot by Vincent Trocheck.
9:22 of 2nd period - Stopped by Sergei Bobrovsky with a rebound.
9:46 of 2nd period - Shot by Mark Jankowski.
9:46 of 2nd period - Stopped by Sergei Bobrovsky without a rebound.
9:47 of 2nd period - Nicklas Backstrom wins face-off versus Phillip Danault in CAROLINA zone.
9:53 of 2nd period - Off-side.
9:54 of 2nd period - Nicklas Backstrom wins face-off versus Nathan MacKinnon in neutral zone.
10:03 of 2nd period - Shot by Nathan MacKinnon.
10:03 of 2nd period - Shot Misses the Net.
10:05 of 2nd period - Shot by Connor Murphy.
10:05 of 2nd period - Shot Blocked by Deryk Engelland.
10:23 of 2nd period - Shot by Nathan MacKinnon.
10:23 of 2nd period - Stopped by Sergei Bobrovsky without a rebound.
10:24 of 2nd period - Phillip Danault wins face-off versus Vladimir Tarasenko in CAROLINA zone.
10:29 of 2nd period - Shot by Tomas Tatar.
10:29 of 2nd period - Stopped by Sergei Bobrovsky without a rebound.
10:30 of 2nd period - Phillip Danault wins face-off versus Patrice Bergeron in CAROLINA zone.
11:23 of 2nd period - Shot by Alex Iafallo.
11:23 of 2nd period - Shot Misses the Net.
11:31 of 2nd period - Shot by Alex Iafallo.
11:31 of 2nd period - Stopped by Sergei Bobrovsky without a rebound.
11:32 of 2nd period - Nicklas Backstrom wins face-off versus Vincent Trocheck in CAROLINA zone.
11:32 of 2nd period - Nicklas Backstrom is hit by Vincent Trocheck.
11:44 of 2nd period - Shot by Nicklas Backstrom.
11:44 of 2nd period - Stopped by Robin Lehner without a rebound.
11:45 of 2nd period - Sam Lafferty wins face-off versus Nathan MacKinnon in MONTREAL zone.
12:19 of 2nd period - Shot by Kyle Clifford.
12:19 of 2nd period - Goal by Kyle Clifford - MONTREAL : 0 - CAROLINA : 4.
12:20 of 2nd period - Nicklas Backstrom wins face-off versus Roope Hintz in neutral zone.
12:31 of 2nd period - P.K. Subban is hit by Deryk Engelland and loses puck.
12:39 of 2nd period - Vincent Trocheck is hit by Duncan Keith and loses puck.
13:04 of 2nd period - Icing by Joel Armia.
13:05 of 2nd period - Vincent Trocheck wins face-off versus Patrice Bergeron in MONTREAL zone.
13:36 of 2nd period - Shot by Vladimir Tarasenko.
13:36 of 2nd period - Stopped by Robin Lehner with a rebound.
13:48 of 2nd period - Shot by Patrice Bergeron.
13:48 of 2nd period - Stopped by Robin Lehner with a rebound.
13:57 of 2nd period - Off-side.
13:58 of 2nd period - Phillip Danault wins face-off versus Sam Lafferty in neutral zone.
13:58 of 2nd period - Nino Niederreiter is hit by Kyle Clifford and loses puck.
14:02 of 2nd period - Minor Penalty to Nino Niederreiter for Elbowing.
14:03 of 2nd period - Nicklas Backstrom wins face-off versus Phillip Danault in MONTREAL zone.
14:06 of 2nd period - Shot by Duncan Keith.
14:06 of 2nd period - Shot Blocked by Nathan Beaulieu.
14:31 of 2nd period - Duncan Keith is hit by Nathan Beaulieu.
14:39 of 2nd period - Shot by Alexander Radulov.
14:39 of 2nd period - Stopped by Robin Lehner without a rebound.
14:40 of 2nd period - Patrice Bergeron wins face-off versus Vincent Trocheck in MONTREAL zone.
14:49 of 2nd period - Shot by Claude Giroux.
14:49 of 2nd period - Shot Misses the Net.
15:02 of 2nd period - Icing by Brent Burns.
15:03 of 2nd period - Phillip Danault wins face-off versus Claude Giroux in CAROLINA zone.
15:18 of 2nd period - Shot by Brent Burns.
15:18 of 2nd period - Stopped by Robin Lehner without a rebound.
15:19 of 2nd period - Nicklas Backstrom wins face-off versus Phillip Danault in MONTREAL zone.
16:09 of 2nd period - Icing by Alex Iafallo.
16:10 of 2nd period - Nathan MacKinnon wins face-off versus Patrice Bergeron in MONTREAL zone.
16:10 of 2nd period - Nathan MacKinnon is hit by Patrice Bergeron.
17:11 of 2nd period - Shot by Joel Armia.
17:11 of 2nd period - Shot Blocked by Brent Burns.
17:13 of 2nd period - Shot by Vincent Trocheck.
17:13 of 2nd period - Shot Misses the Net.
17:15 of 2nd period - Shot by Roope Hintz.
17:15 of 2nd period - Goal by Roope Hintz - MONTREAL : 1 - CAROLINA : 4.
17:16 of 2nd period - Phillip Danault wins face-off versus Nicklas Backstrom in neutral zone.
17:28 of 2nd period - Nicklas Backstrom is hit by Nathan Beaulieu and loses puck.
17:37 of 2nd period - Shot by Tomas Tatar.
17:37 of 2nd period - Stopped by Sergei Bobrovsky with a rebound.
17:41 of 2nd period - Shot by Phillip Danault.
17:41 of 2nd period - Stopped by Sergei Bobrovsky without a rebound.
17:42 of 2nd period - Vincent Trocheck wins face-off versus Sam Lafferty in CAROLINA zone.
17:47 of 2nd period - Shot by Roope Hintz.
17:47 of 2nd period - Stopped by Sergei Bobrovsky without a rebound.
17:48 of 2nd period - Sam Lafferty wins face-off versus Vincent Trocheck in CAROLINA zone.
18:03 of 2nd period - Adam Henrique is hit by Vincent Trocheck and loses puck.
18:11 of 2nd period - Matt Benning is hit by Connor Murphy and loses puck.
18:16 of 2nd period - Shot by Adam Henrique.
18:16 of 2nd period - Shot Blocked by Keith Yandle.
18:46 of 2nd period - Shot by Dominik Kubalik.
18:46 of 2nd period - Shot Misses the Net.
18:48 of 2nd period - Shot by Brent Burns.
18:48 of 2nd period - Stopped by Robin Lehner without a rebound.
18:49 of 2nd period - Patrice Bergeron wins face-off versus Nathan MacKinnon in MONTREAL zone.
19:03 of 2nd period - Claude Giroux is hit by Erik Gustafsson and loses puck.
19:07 of 2nd period - Icing by Max Pacioretty.
19:08 of 2nd period - Alexander Radulov wins face-off versus Nathan MacKinnon in MONTREAL zone.
Goals for this period are 1 for MONTREAL vs 1 for CAROLINA.
Shots for this period are 12 for MONTREAL vs 12 for CAROLINA.

3rd period


0:01 of 3rd period - Phillip Danault wins face-off versus Patrice Bergeron in neutral zone.
0:01 of 3rd period - Tony DeAngelo is hit by Claude Giroux and loses puck.
0:14 of 3rd period - Shot by Tony DeAngelo.
0:14 of 3rd period - Stopped by Sergei Bobrovsky without a rebound.
0:15 of 3rd period - Nicklas Backstrom wins face-off versus Vincent Trocheck in CAROLINA zone.
0:37 of 3rd period - Roope Hintz is hit by Shea Weber and loses puck.
0:50 of 3rd period - Shot by Joel Armia.
0:50 of 3rd period - Stopped by Sergei Bobrovsky without a rebound.
0:51 of 3rd period - Patrice Bergeron wins face-off versus Phillip Danault in CAROLINA zone.
1:06 of 3rd period - Shot by Tomas Tatar.
1:06 of 3rd period - Stopped by Sergei Bobrovsky without a rebound.
1:07 of 3rd period - Nathan MacKinnon wins face-off versus Sam Lafferty in CAROLINA zone.
1:22 of 3rd period - Max Pacioretty is hit by Adam Henrique and loses puck.
1:29 of 3rd period - Shot by Adam Henrique.
1:29 of 3rd period - Shot Misses the Net.
1:40 of 3rd period - Max Pacioretty is hit by Matt Benning and loses puck.
2:30 of 3rd period - Shot by Patrice Bergeron.
2:30 of 3rd period - Stopped by Robin Lehner without a rebound.
2:31 of 3rd period - Joel Armia wins face-off versus Alexander Radulov in MONTREAL zone.
2:37 of 3rd period - Keith Yandle is hit by Shea Weber and loses puck.
2:46 of 3rd period - Shot by Nicklas Backstrom.
2:46 of 3rd period - Stopped by Robin Lehner without a rebound.
2:47 of 3rd period - Mark Jankowski wins face-off versus Patrice Bergeron in MONTREAL zone.
2:52 of 3rd period - Shot by Brock McGinn.
2:52 of 3rd period - Stopped by Sergei Bobrovsky without a rebound.
2:53 of 3rd period - Patrice Bergeron wins face-off versus Phillip Danault in CAROLINA zone.
3:08 of 3rd period - Shot by Nino Niederreiter.
3:08 of 3rd period - Shot Misses the Net.
3:10 of 3rd period - Shot by Tony DeAngelo.
3:10 of 3rd period - Shot Misses the Net.
3:12 of 3rd period - Shot by Phillip Danault.
3:12 of 3rd period - Stopped by Sergei Bobrovsky without a rebound.
3:13 of 3rd period - Nathan MacKinnon wins face-off versus Dominik Kubalik in CAROLINA zone.
3:28 of 3rd period - Shot by Max Pacioretty.
3:28 of 3rd period - Goal by Max Pacioretty - MONTREAL : 2 - CAROLINA : 4.
3:29 of 3rd period - Phillip Danault wins face-off versus Claude Giroux in neutral zone.
4:02 of 3rd period - Shot by Phillip Danault.
4:02 of 3rd period - Deflect By Nino Niederreiter.
4:02 of 3rd period - Stopped by Sergei Bobrovsky without a rebound.
4:03 of 3rd period - Vincent Trocheck wins face-off versus Alexander Radulov in CAROLINA zone.
4:03 of 3rd period - Connor Murphy is hit by Deryk Engelland and loses puck.
4:37 of 3rd period - Shot by Nicklas Backstrom.
4:37 of 3rd period - Shot Blocked by Keith Yandle.
4:41 of 3rd period - Shot by Nicklas Backstrom.
4:41 of 3rd period - Stopped by Robin Lehner without a rebound.
4:42 of 3rd period - Patrice Bergeron wins face-off versus Nathan MacKinnon in MONTREAL zone.
4:47 of 3rd period - Shot by Patrice Bergeron.
4:47 of 3rd period - Stopped by Robin Lehner with a rebound.
5:07 of 3rd period - Tony DeAngelo is hit by Shea Weber and loses puck.
5:14 of 3rd period - Shot by Patrice Bergeron.
5:14 of 3rd period - Stopped by Robin Lehner with a rebound.
5:50 of 3rd period - Phillip Danault is hit by Claude Giroux and loses puck.
6:16 of 3rd period - Minor Penalty to Nathan Beaulieu for Holding.
6:17 of 3rd period - Phillip Danault wins face-off versus Nicklas Backstrom in MONTREAL zone.
6:23 of 3rd period - Icing by Duncan Keith.
6:24 of 3rd period - Phillip Danault wins face-off versus Alexander Radulov in CAROLINA zone.
6:27 of 3rd period - Shot by Brock McGinn.
6:27 of 3rd period - Stopped by Sergei Bobrovsky without a rebound.
6:28 of 3rd period - Nicklas Backstrom wins face-off versus Phillip Danault in CAROLINA zone.
6:30 of 3rd period - Icing by Alexander Radulov.
6:31 of 3rd period - Phillip Danault wins face-off versus Nicklas Backstrom in CAROLINA zone.
7:07 of 3rd period - Nicklas Backstrom is hit by Connor Murphy and loses puck.
7:23 of 3rd period - Icing by Brent Burns.
7:24 of 3rd period - Patrice Bergeron wins face-off versus Vincent Trocheck in CAROLINA zone.
8:19 of 3rd period - Shot by Nicklas Backstrom.
8:19 of 3rd period - Shot Misses the Net.
8:37 of 3rd period - Icing by Matt Benning.
8:38 of 3rd period - Sam Lafferty wins face-off versus Vincent Trocheck in CAROLINA zone.
8:56 of 3rd period - Shot by Sam Lafferty.
8:56 of 3rd period - Stopped by Robin Lehner without a rebound.
8:57 of 3rd period - Phillip Danault wins face-off versus Nicklas Backstrom in MONTREAL zone.
8:57 of 3rd period - Phillip Danault is hit by Nicklas Backstrom.
9:02 of 3rd period - P.K. Subban is hit by Deryk Engelland and loses puck.
9:26 of 3rd period - Shot by Alexander Radulov.
9:26 of 3rd period - Stopped by Robin Lehner without a rebound.
9:27 of 3rd period - Patrice Bergeron wins face-off versus Nathan MacKinnon in MONTREAL zone.
9:28 of 3rd period - Shot by Vladimir Tarasenko.
9:28 of 3rd period - Stopped by Robin Lehner without a rebound.
9:29 of 3rd period - Vincent Trocheck wins face-off versus Patrice Bergeron in MONTREAL zone.
9:52 of 3rd period - Claude Giroux is hit by Keith Yandle and loses puck.
9:53 of 3rd period - Minor Penalty to Connor Murphy for Roughing.
9:54 of 3rd period - Phillip Danault wins face-off versus Nicklas Backstrom in MONTREAL zone.
10:13 of 3rd period - Shot by Dominik Kubalik.
10:13 of 3rd period - Stopped by Robin Lehner without a rebound.
10:14 of 3rd period - Patrice Bergeron wins face-off versus Phillip Danault in MONTREAL zone.
10:33 of 3rd period - Shot by Shea Weber.
10:33 of 3rd period - Stopped by Robin Lehner without a rebound.
10:34 of 3rd period - Brock McGinn wins face-off versus Nicklas Backstrom in MONTREAL zone.
10:47 of 3rd period - Shot by Dominik Kubalik.
10:47 of 3rd period - Shot Misses the Net.
11:09 of 3rd period - Shot by Alexander Radulov.
11:09 of 3rd period - Stopped by Robin Lehner without a rebound.
11:10 of 3rd period - Patrice Bergeron wins face-off versus Vincent Trocheck in MONTREAL zone.
11:25 of 3rd period - Shot by Patrice Bergeron.
11:25 of 3rd period - Shot Misses the Net.
11:31 of 3rd period - Shot by Shea Weber.
11:31 of 3rd period - Deflect By Vladimir Tarasenko.
11:31 of 3rd period - Shot Misses the Net.
12:21 of 3rd period - Shot by Kyle Clifford.
12:21 of 3rd period - Shot Misses the Net.
12:23 of 3rd period - Shot by Sebastian Aho.
12:23 of 3rd period - Stopped by Robin Lehner without a rebound.
12:24 of 3rd period - Nicklas Backstrom wins face-off versus Phillip Danault in MONTREAL zone.
12:30 of 3rd period - Nicklas Backstrom is hit by P.K. Subban and loses puck.
12:44 of 3rd period - Minor Penalty to Phillip Danault for High sticking.
12:45 of 3rd period - Patrice Bergeron wins face-off versus Mark Jankowski in MONTREAL zone.
13:32 of 3rd period - Icing by Brent Burns.
13:33 of 3rd period - Mark Jankowski wins face-off versus Patrice Bergeron in CAROLINA zone.
13:56 of 3rd period - Shot by Nicklas Backstrom.
13:56 of 3rd period - Shot Misses the Net.
13:58 of 3rd period - Shot by Alexander Radulov.
13:58 of 3rd period - Shot Misses the Net.
14:00 of 3rd period - Shot by Deryk Engelland.
14:00 of 3rd period - Stopped by Robin Lehner without a rebound.
14:01 of 3rd period - Alexander Radulov wins face-off versus Joel Armia in MONTREAL zone.
15:26 of 3rd period - Icing by Phillip Danault.
15:27 of 3rd period - Tomas Tatar wins face-off versus Patrice Bergeron in MONTREAL zone.
15:39 of 3rd period - Icing by Brent Burns.
15:40 of 3rd period - Patrice Bergeron wins face-off versus Nathan MacKinnon in CAROLINA zone.
15:47 of 3rd period - Alex Iafallo is hit by Patrice Bergeron.
15:51 of 3rd period - Shot by Nathan MacKinnon.
15:51 of 3rd period - Shot Misses the Net.
16:04 of 3rd period - Icing by Brent Burns.
16:05 of 3rd period - Vincent Trocheck wins face-off versus Patrice Bergeron in CAROLINA zone.
16:44 of 3rd period - Shot by Vincent Trocheck.
16:44 of 3rd period - Stopped by Sergei Bobrovsky with a rebound.
16:57 of 3rd period - Icing by Patrice Bergeron.
16:58 of 3rd period - Nathan MacKinnon wins face-off versus Patrice Bergeron in CAROLINA zone.
17:05 of 3rd period - Shot by Max Pacioretty.
17:05 of 3rd period - Shot Misses the Net.
17:07 of 3rd period - Shot by Max Pacioretty.
17:07 of 3rd period - Shot Blocked by Brent Burns.
18:19 of 3rd period - Phillip Danault is hit by Alexander Radulov and loses puck.
18:57 of 3rd period - Icing by Joel Armia.
18:58 of 3rd period - Cooper Marody wins face-off versus Vincent Trocheck in MONTREAL zone.
19:19 of 3rd period - Shot by Matt Martin.
19:19 of 3rd period - Stopped by Robin Lehner without a rebound.
19:20 of 3rd period - Mark Jankowski wins face-off versus Sam Lafferty in MONTREAL zone.
19:48 of 3rd period - Shot by Adam Henrique.
19:48 of 3rd period - Stopped by Robin Lehner with a rebound.
19:55 of 3rd period - Wayne Simmonds is hit by Duncan Keith and loses puck.
Goals for this period are 1 for MONTREAL vs 0 for CAROLINA.
Shots for this period are 9 for MONTREAL vs 15 for CAROLINA.